Blues vs Penguins

Created - February 4, 2020 at 19:10

Goals
1 2 3 OT1 T
Blues 0 0 2 0 2
Penguins 0 1 1 1 3
Shots
1 2 3 OT1 T
Blues 9 8 17 0 34
Penguins 8 13 12 1 34

1st period

No Goal

Penalties :
Yann Sauvé (STL) for Interference (Minor) at 4:37

2nd period

1. Penguins , Andrew Cogliano 17 (Steven Stamkos 32, Claude Giroux 33) at 11:47 (PP)

Penalties :
Eric Gryba (Pit) for Holding (Minor) at 5:03, Clarke MacArthur (Pit) for Tripping (Minor) at 8:44, Jean-Gabriel Pageau (STL) for High sticking (Minor) at 11:41, Logan Couture (Pit) for Boarding (Minor) at 15:36

3rd period

2. Penguins , Ales Hemsky 3 (Eric Gryba 7) at 3:01
3. Blues , Dougie Hamilton 2 (Cody Ceci 6) at 12:47
4. Blues , Dougie Hamilton 3 (Cody Ceci 7) at 16:16

Penalties :
No Penalty

Overtime #1

5. Penguins , Claude Giroux 28 (Steven Stamkos 33, Keith Aulie 15) at 0:14

Penalties :
No Penalty

Goalie Stats

Pascal Leclaire (STL), 31 saves from 34 shots - (0.912), OTL, 4-0-1, 60:14 minutes
Michal Neuvirth (Pit), 32 saves from 34 shots - (0.941), W, 21-9-4, 60:14 minutes

Players Stats for Blues

Player Name              G  A  P  +/- PIM S  H  SB GA TA FO     MP     PP MP  PK MP  
------------------------------------------------------------------------------------
Alex Pietrangelo         0  0  0  -1  0   10 0  1  2  1  0/0    25:34   3:39   1:05 
Cody Ceci                0  2  2   0  0   1  1  1  0  1  0/0    14:31   0:00   1:05 
David Perron             0  0  0  -1  0   5  1  0  1  0  0/0    21:20   3:03   0:00 
Dougie Hamilton          2  0  2   1  0   4  0  1  0  0  0/0    15:56   2:18   0:00 
Filip Forsberg           0  0  0   0  0   0  0  1  1  1  1/1    17:14   2:54   0:32 
Jake Gardiner            0  0  0   0  0   0  1  1  1  1  0/0    22:32   3:39   1:00 
Jean-Gabriel Pageau      0  0  0   0  2   2  1  0  1  0  9/18   17:50   2:54   0:41 
Jordan Eberle            0  0  0   0  0   3  4  0  0  1  1/1    22:14   3:03   1:08 
Kyle Clifford            0  0  0   1  0   1  1  0  0  0  0/1    11:17   0:00   0:03 
Nicklas Backstrom        0  0  0  -1  0   1  1  1  1  1  18/37  21:20   3:03   0:00 
Reilly Smith             0  0  0   0  0   1  2  0  0  2  0/0    14:12   0:00   0:00 
Sergei Shirokov          0  0  0   1  0   4  3  0  1  0  0/0    14:03   2:54   0:00 
Sergey Kalinin           0  0  0   0  0   0  1  0  0  1  1/5     9:49   0:00   1:05 
Shayne Gostisbehere      0  0  0   0  0   2  1  1  0  0  0/0    19:33   2:18   1:00 
Simon Gagné              0  0  0   0  0   0  0  0  0  0  0/0     9:15   0:00   0:41 
Steve Quailer            0  0  0   0  0   0  0  0  0  0  0/0     8:25   0:00   0:00 
Tomas Plekanec           0  0  0   1  0   0  4  0  0  0  3/6    11:14   0:00   0:00 
Yann Sauvé               0  0  0   0  2   0  2  4  1  2  0/0    22:30   0:00   0:00 

Players Stats for Penguins

Player Name              G  A  P  +/- PIM S  H  SB GA TA FO     MP     PP MP  PK MP  
------------------------------------------------------------------------------------
Ales Hemsky              1  0  1   0  0   5  0  0  0  0  0/0     8:08   0:00   0:00 
Andrew Cogliano          1  0  1   0  0   1  2  2  0  0  2/2    21:20   1:09   1:09 
Cal Clutterbuck          0  0  0   0  0   0  2  0  0  0  0/0    13:56   0:00   1:45 
Clarke MacArthur         0  0  0   0  2   1  1  0  0  0  0/0    12:04   0:00   0:00 
Claude Giroux            1  1  2   1  0   3  3  0  2  1  0/0    22:48   1:09   3:03 
Danny DeKeiser           0  0  0   0  0   0  0  1  0  0  0/0    20:21   0:43   3:26 
Dennis Wideman           0  0  0   0  0   2  2  1  0  0  0/0    13:48   0:43   0:55 
Dustin Brown             0  0  0  -1  0   4  0  2  0  1  0/0    14:15   0:56   0:00 
Eric Gryba               0  1  1   0  2   0  1  2  0  2  0/0    13:53   0:00   1:56 
Joe Colborne             0  0  0   0  0   3  2  0  0  0  1/3     7:20   0:00   0:00 
Keith Aulie              0  1  1   0  0   0  1  6  2  1  0/0    27:41   1:22   2:31 
Logan Couture            0  0  0   0  2   3  0  1  1  0  3/12   13:57   0:00   1:12 
Marcus Foligno           0  0  0  -1  0   0  1  0  1  0  0/0    14:15   0:56   0:00 
Michael Raffl            0  0  0   0  0   0  1  0  0  0  0/0     7:20   0:00   0:00 
Roman Josi               0  0  0   0  0   1  1  0  0  0  0/0    15:41   0:00   0:00 
Ryan O'Reilly            0  0  0   0  0   4  0  0  2  0  13/20  16:36   0:56   1:42 
Sean Zimmerman           0  0  0   0  0   2  1  3  1  1  0/0    28:16   1:22   3:06 
Steven Stamkos           0  2  2   0  0   5  0  0  2  3  17/32  23:17   1:09   3:03 

3 Stars

1 - Claude Giroux (Pit)
2 - Dougie Hamilton (STL)
3 - Michal Neuvirth (Pit)

Power Play

Blues - 0 on 3 Attempt(s) - 0.00%
Penguins - 1 on 2 Attempt(s) - 50.00%

Penalty Kill

Blues - 1 on 2 Attempt(s) - 50.00% - Score 0 goal in Penalty Kill
Penguins - 3 on 3 Attempt(s) - 100.00% - Score 0 goal in Penalty Kill

Team Stat

Blues - Hits : 23 - Faceoff Wins : 33 - Blocked Shots : 11 - Penalty Minutes : 4
Penguins - Hits : 18 - Faceoff Wins : 36 - Blocked Shots : 18 - Penalty Minutes : 6

Official

Referees : Unknown
Linesman : Unknown

Game Notes

No Game Note

Finance

Level 1 -- Attendance: 4902 (81.70%) -- Ticket Income $588,240
Level 2 -- Attendance: 3880 (77.60%) -- Ticket Income $271,600
Level 3 -- Attendance: 1480 (74.00%) -- Ticket Income $66,600
Level 4 -- Attendance: 2627 (65.68%) -- Ticket Income $91,945
Luxury Box -- Attendance: 806 (80.60%) -- Ticket Income $161,200
Game was played at the Igloo.
Total Attendance: 13695 (76.08%)
Total Ticket Income: $1,179,585
Other Income: $176,938
Total Income: $1,356,523

Blues

5 vs 5 Forward 
   Center                   Left Wing                Right Wing               Time % Phy DF OF 
 1 Nicklas Backstrom        David Perron             Jordan Eberle            40     1   2  2  
 2 Jean-Gabriel Pageau      Filip Forsberg           Reilly Smith             30     1   2  2  
 3 Tomas Plekanec           Kyle Clifford            Sergei Shirokov          20     1   2  2  
 4 Sergey Kalinin           Simon Gagné              Steve Quailer            10     1   2  2  

5 vs 5 Defense 
   Defense                  Defense                                           Time % Phy DF OF 
 1 Alex Pietrangelo         Yann Sauvé                                        40     1   2  2  
 2 Shayne Gostisbehere      Jake Gardiner                                     30     1   2  2  
 3 Cody Ceci                Dougie Hamilton                                   20     1   2  2  
 4 Yann Sauvé               Jake Gardiner                                     10     1   2  2  

PowerPlay Forward 
   Center                   Left Wing                Right Wing               Time % Phy DF OF 
 1 Nicklas Backstrom        David Perron             Jordan Eberle            60     1   2  2  
 2 Jean-Gabriel Pageau      Filip Forsberg           Sergei Shirokov          40     1   2  2  

PowerPlay Defense
   Defense                  Defense                                           Time % Phy DF OF 
 1 Alex Pietrangelo         Jake Gardiner                                     60     1   2  2  
 2 Shayne Gostisbehere      Dougie Hamilton                                   40     1   2  2  

Penalty Kill 4 Players Forward 
   Center                   Wing                     Time % Phy DF OF 
 1 Sergey Kalinin           Jordan Eberle            60     1   2  2  
 2 Jean-Gabriel Pageau      Simon Gagné              40     1   2  2  

Penalty Kill 4 Players Defense
   Defense                  Defense                  Time % Phy DF OF 
 1 Alex Pietrangelo         Cody Ceci                60     1   2  2  
 2 Jake Gardiner            Yann Sauvé               40     1   2  2  

Penalty Kill - 3 Players Forward 
   Forward                                           Time % Phy DF OF 
 1 Sergey Kalinin                                    60     1   2  2  
 2 Jordan Eberle                                     40     1   2  2  

Penalty Kill - 3 Players Defense
   Defense                  Defense                  Time % Phy DF OF 
 1 Alex Pietrangelo         Cody Ceci                60     1   2  2  
 2 Jake Gardiner            Yann Sauvé               40     1   2  2  

4 vs 4 Forward 
   Center                   Wing                     Time % Phy DF OF 
 1 Nicklas Backstrom        David Perron             60     1   2  2  
 2 Jean-Gabriel Pageau      Jordan Eberle            40     1   2  2  

4 vs 4 Defense
   Defense                  Defense                  Time % Phy DF OF 
 1 Alex Pietrangelo         Cody Ceci                60     1   2  2  
 2 Jake Gardiner            Shayne Gostisbehere      40     1   2  2  

Last Minutes Offensive
   Center                   Left Wing                Right Wing               Defense                  Defense                  
   Nicklas Backstrom        David Perron             Jordan Eberle            Alex Pietrangelo         Jake Gardiner            

Last Minutes Defensive
   Center                   Left Wing                Right Wing               Defense                  Defense                  
   Sergey Kalinin           Kyle Clifford            Jordan Eberle            Yann Sauvé               Cody Ceci                

Goaltenders
Starting : Pascal Leclaire          
Backup : Carey Price              

Extra Forwards
Normal : Jean-Gabriel Pageau, Sergey Kalinin, Jordan Eberle - PP : Steve Quailer, Nicklas Backstrom - PK : Filip Forsberg
Extra Defensemen
Normal : Shayne Gostisbehere, Cody Ceci, Jake Gardiner - PP : Shayne Gostisbehere - PK : Shayne Gostisbehere, Jake Gardiner
Penalty Shots
David Perron, Jordan Eberle, Nicklas Backstrom, Filip Forsberg, Sergei Shirokov

Scratches
Drew Shore (Broken Right Thumb Injury), D.J King (Healthy)

Penguins

5 vs 5 Forward 
   Center                   Left Wing                Right Wing               Time % Phy DF OF 
 1 Steven Stamkos           Andrew Cogliano          Claude Giroux            40     0   1  4  
 2 Ryan O'Reilly            Marcus Foligno           Dustin Brown             30     0   1  4  
 3 Logan Couture            Clarke MacArthur         Cal Clutterbuck          20     0   1  4  
 4 Joe Colborne             Michael Raffl            Ales Hemsky              10     0   1  4  

5 vs 5 Defense 
   Defense                  Defense                                           Time % Phy DF OF 
 1 Sean Zimmerman           Keith Aulie                                       44     1   2  2  
 2 Danny DeKeiser           Roman Josi                                        33     1   2  2  
 3 Eric Gryba               Dennis Wideman                                    23     1   2  2  
 4 Sean Zimmerman           Keith Aulie                                       0      1   2  2  

PowerPlay Forward 
   Center                   Left Wing                Right Wing               Time % Phy DF OF 
 1 Steven Stamkos           Andrew Cogliano          Claude Giroux            60     0   1  4  
 2 Ryan O'Reilly            Marcus Foligno           Dustin Brown             40     0   1  4  

PowerPlay Defense
   Defense                  Defense                                           Time % Phy DF OF 
 1 Sean Zimmerman           Keith Aulie                                       60     1   1  3  
 2 Danny DeKeiser           Dennis Wideman                                    40     1   1  3  

Penalty Kill 4 Players Forward 
   Center                   Wing                     Time % Phy DF OF 
 1 Steven Stamkos           Claude Giroux            60     1   4  0  
 2 Logan Couture            Cal Clutterbuck          40     1   4  0  

Penalty Kill 4 Players Defense
   Defense                  Defense                  Time % Phy DF OF 
 1 Sean Zimmerman           Keith Aulie              60     1   4  0  
 2 Danny DeKeiser           Eric Gryba               40     1   4  0  

Penalty Kill - 3 Players Forward 
   Forward                                           Time % Phy DF OF 
 1 Claude Giroux                                     60     1   4  0  
 2 Logan Couture                                     40     1   4  0  

Penalty Kill - 3 Players Defense
   Defense                  Defense                  Time % Phy DF OF 
 1 Sean Zimmerman           Keith Aulie              60     1   4  0  
 2 Danny DeKeiser           Eric Gryba               40     1   4  0  

4 vs 4 Forward 
   Center                   Wing                     Time % Phy DF OF 
 1 Steven Stamkos           Claude Giroux            60     1   1  3  
 2 Ryan O'Reilly            Dustin Brown             40     1   1  3  

4 vs 4 Defense
   Defense                  Defense                  Time % Phy DF OF 
 1 Sean Zimmerman           Keith Aulie              60     1   2  2  
 2 Danny DeKeiser           Dennis Wideman           40     1   2  2  

Last Minutes Offensive
   Center                   Left Wing                Right Wing               Defense                  Defense                  
   Steven Stamkos           Andrew Cogliano          Claude Giroux            Sean Zimmerman           Keith Aulie              

Last Minutes Defensive
   Center                   Left Wing                Right Wing               Defense                  Defense                  
   Steven Stamkos           Andrew Cogliano          Claude Giroux            Sean Zimmerman           Keith Aulie              

Goaltenders
Starting : Michal Neuvirth          
Backup : Sergei Bobrovsky         

Extra Forwards
Normal : Steven Stamkos, Ryan O'Reilly, Logan Couture - PP : Steven Stamkos, Ryan O'Reilly - PK : Claude Giroux
Extra Defensemen
Normal : Sean Zimmerman, Danny DeKeiser, Eric Gryba - PP : Danny DeKeiser - PK : Sean Zimmerman, Danny DeKeiser
Penalty Shots
Andrew Cogliano, Claude Giroux, Steven Stamkos, Ryan O'Reilly, Marcus Foligno

Scratches
None


% Time on Ice - Blues

Lines # - Real PCT - Wanted PCT - Time Play
Normal Forward
1 - 35% - 40% - 18:22
2 - 27% - 30% - 13:57
3 - 22% - 20% - 11:14
4 - 16% - 10% - 8:25
Normal Defense
1 - 40% - 40% - 20:36
2 - 31% - 30% - 16:15
3 - 24% - 20% - 12:31
4 - 5% - 10% - 2:36
PP Forward
1 - 51% - 60% - 3:03
2 - 49% - 40% - 2:54
PP Defense
1 - 61% - 60% - 3:39
2 - 39% - 40% - 2:18
PK Forward
1 - 67% - 60% - 1:24
2 - 33% - 40% - 0:41
PK Defense
1 - 52% - 60% - 1:05
2 - 48% - 40% - 1:00
PK3 Forward
1 - 0% - 60%
2 - 0% - 40%
PK3 Defense
1 - 0% - 60%
2 - 0% - 40%
44 Forward
1 - 100% - 60% - 0:14
2 - 0% - 40% - 0:00
44 Defense
1 - 100% - 60% - 0:14
2 - 0% - 40% - 0:00
Last Minute Offensive  - 0:00
Last Minute Defensive  - 0:00
Total
Forward - 60:14
Defense - 60:14

% Time on Ice - Penguins

Lines # - Real PCT - Wanted PCT - Time Play
Normal Forward
1 - 36% - 40% - 18:39
2 - 27% - 30% - 14:00
3 - 23% - 20% - 11:59
4 - 14% - 10% - 7:20
Normal Defense
1 - 45% - 44% - 23:34
2 - 33% - 33% - 17:24
3 - 21% - 23% - 11:00
4 - 0% - 0% - 0:00
PP Forward
1 - 55% - 60% - 1:09
2 - 45% - 40% - 0:56
PP Defense
1 - 66% - 60% - 1:22
2 - 34% - 40% - 0:43
PK Forward
1 - 71% - 60% - 4:12
2 - 29% - 40% - 1:45
PK Defense
1 - 42% - 60% - 2:31
2 - 58% - 40% - 3:26
PK3 Forward
1 - 0% - 60%
2 - 0% - 40%
PK3 Defense
1 - 0% - 60%
2 - 0% - 40%
44 Forward
1 - 100% - 60% - 0:14
2 - 0% - 40% - 0:00
44 Defense
1 - 100% - 60% - 0:14
2 - 0% - 40% - 0:00
Last Minute Offensive  - 0:00
Last Minute Defensive  - 0:00
Total
Forward - 60:14
Defense - 60:14

Play-by-Play

1st period


0:01 of 1st period - Nicklas Backstrom wins face-off versus Steven Stamkos in neutral zone.
0:06 of 1st period - Backhand shot by Alex Pietrangelo.
0:06 of 1st period - Stopped by Michal Neuvirth without a rebound.
0:07 of 1st period - Steven Stamkos wins face-off versus Nicklas Backstrom in Penguins zone.
0:29 of 1st period - Off-side.
0:30 of 1st period - Ryan O'Reilly wins face-off versus Jean-Gabriel Pageau in neutral zone.
1:48 of 1st period - Snap shot by David Perron.
1:48 of 1st period - Stopped by Michal Neuvirth without a rebound.
1:49 of 1st period - Jean-Gabriel Pageau wins face-off versus Ryan O'Reilly in Penguins zone.
2:25 of 1st period - Snap shot by David Perron.
2:25 of 1st period - Stopped by Michal Neuvirth with a rebound.
3:00 of 1st period - Backhand shot by Ales Hemsky.
3:00 of 1st period - Stopped by Pascal Leclaire with a rebound.
3:02 of 1st period - Snap shot by Joe Colborne.
3:02 of 1st period - Shot Misses the Net.
3:04 of 1st period - Slapshot by Keith Aulie.
3:04 of 1st period - Shot Blocked by Shayne Gostisbehere.
3:24 of 1st period - Jake Gardiner is hit by Eric Gryba and loses puck.
4:01 of 1st period - Sergei Shirokov is hit by Dennis Wideman and loses puck.
4:28 of 1st period - Slapshot by Dougie Hamilton.
4:28 of 1st period - Stopped by Michal Neuvirth without a rebound.
4:29 of 1st period - Steven Stamkos wins face-off versus Sergey Kalinin in Penguins zone.
4:37 of 1st period - Minor Penalty to Yann Sauvé for Interference.
4:38 of 1st period - Sergey Kalinin wins face-off versus Steven Stamkos in Blues zone.
5:47 of 1st period - Icing by Dustin Brown.
5:48 of 1st period - Filip Forsberg wins face-off versus Ryan O'Reilly in Penguins zone.
6:30 of 1st period - Cody Ceci is hit by Claude Giroux and loses puck.
6:37 of 1st period - Penalty to Yann Sauvé is over, Yann Sauvé is back on ice.
7:15 of 1st period - Slapshot by Alex Pietrangelo.
7:15 of 1st period - Stopped by Michal Neuvirth with a rebound.
7:17 of 1st period - Slapshot by Alex Pietrangelo.
7:17 of 1st period - Deflect By Tomas Plekanec.
7:17 of 1st period - Shot Misses the Net.
7:17 of 1st period - Puck is out of play.
7:18 of 1st period - Nicklas Backstrom wins face-off versus Joe Colborne in Penguins zone.
7:31 of 1st period - Wrist shot by Ales Hemsky.
7:31 of 1st period - Stopped by Pascal Leclaire with a rebound.
7:33 of 1st period - Slapshot by Ales Hemsky.
7:33 of 1st period - Deflect By Joe Colborne.
7:33 of 1st period - Stopped by Pascal Leclaire without a rebound.
7:34 of 1st period - Steven Stamkos wins face-off versus Jean-Gabriel Pageau in Blues zone.
8:01 of 1st period - Keith Aulie is hit by Yann Sauvé and loses puck.
8:42 of 1st period - Snap shot by Steven Stamkos.
8:42 of 1st period - Shot Misses the Net.
8:44 of 1st period - Slapshot by Danny DeKeiser.
8:44 of 1st period - Shot Blocked by Dougie Hamilton.
8:46 of 1st period - Slapshot by Steven Stamkos.
8:46 of 1st period - Stopped by Pascal Leclaire without a rebound.
8:47 of 1st period - Nicklas Backstrom wins face-off versus Steven Stamkos in Blues zone.
8:47 of 1st period - Nicklas Backstrom is hit by Claude Giroux.
9:19 of 1st period - Snap shot by Ryan O'Reilly.
9:19 of 1st period - Shot Blocked by Yann Sauvé.
9:35 of 1st period - Backhand shot by Clarke MacArthur.
9:35 of 1st period - Shot Misses the Net.
9:52 of 1st period - Icing by Clarke MacArthur.
9:53 of 1st period - Nicklas Backstrom wins face-off versus Logan Couture in Penguins zone.
10:07 of 1st period - Snap shot by Logan Couture.
10:07 of 1st period - Deflect By Jordan Eberle.
10:07 of 1st period - Stopped by Pascal Leclaire without a rebound.
10:08 of 1st period - Jean-Gabriel Pageau wins face-off versus Steven Stamkos in Blues zone.
10:30 of 1st period - Icing by Steven Stamkos.
10:31 of 1st period - Ryan O'Reilly wins face-off versus Nicklas Backstrom in Penguins zone.
10:36 of 1st period - Slapshot by David Perron.
10:36 of 1st period - Shot Misses the Net.
10:40 of 1st period - Slapshot by Alex Pietrangelo.
10:40 of 1st period - Stopped by Michal Neuvirth without a rebound.
10:41 of 1st period - Nicklas Backstrom wins face-off versus Steven Stamkos in Penguins zone.
10:50 of 1st period - Yann Sauvé is hit by Andrew Cogliano and loses puck.
12:14 of 1st period - David Perron is hit by Michael Raffl and loses puck.
12:21 of 1st period - Slapshot by Jordan Eberle.
12:21 of 1st period - Shot Blocked by Danny DeKeiser.
13:04 of 1st period - Alex Pietrangelo is hit by Cal Clutterbuck and loses puck.
13:27 of 1st period - Slapshot by Alex Pietrangelo.
13:27 of 1st period - Shot Misses the Net.
13:58 of 1st period - Slapshot by Alex Pietrangelo.
13:58 of 1st period - Shot Misses the Net.
14:00 of 1st period - Wrist shot by Sergei Shirokov.
14:00 of 1st period - Stopped by Michal Neuvirth without a rebound.
14:01 of 1st period - Ryan O'Reilly wins face-off versus Nicklas Backstrom in Penguins zone.
14:13 of 1st period - Icing by Shayne Gostisbehere.
14:14 of 1st period - Ryan O'Reilly wins face-off versus Nicklas Backstrom in Blues zone.
14:29 of 1st period - Wrist shot by Ryan O'Reilly.
14:29 of 1st period - Shot Misses the Net.
14:31 of 1st period - Wrist shot by Dustin Brown.
14:31 of 1st period - Deflect By Ryan O'Reilly.
14:31 of 1st period - Stopped by Pascal Leclaire with a rebound.
14:49 of 1st period - Eric Gryba is hit by Reilly Smith and loses puck.
16:40 of 1st period - Icing by Sean Zimmerman.
16:41 of 1st period - Nicklas Backstrom wins face-off versus Joe Colborne in Penguins zone.
16:42 of 1st period - Snap shot by David Perron.
16:42 of 1st period - Shot Blocked by Sean Zimmerman.
16:48 of 1st period - Slapshot by Keith Aulie.
16:48 of 1st period - Shot Hit the Post.
16:50 of 1st period - Snap shot by Joe Colborne.
16:50 of 1st period - Shot Misses the Net.
16:52 of 1st period - Snap shot by Joe Colborne.
16:52 of 1st period - Stopped by Pascal Leclaire without a rebound.
16:53 of 1st period - Steven Stamkos wins face-off versus Nicklas Backstrom in Blues zone.
17:01 of 1st period - Off-side.
17:02 of 1st period - Steven Stamkos wins face-off versus Nicklas Backstrom in neutral zone.
17:21 of 1st period - Snap shot by Jordan Eberle.
17:21 of 1st period - Shot Blocked by Keith Aulie.
17:29 of 1st period - Sean Zimmerman is hit by Jordan Eberle and loses puck.
17:48 of 1st period - Wrist shot by Jordan Eberle.
17:48 of 1st period - Shot Blocked by Andrew Cogliano.
17:50 of 1st period - Slapshot by Shayne Gostisbehere.
17:50 of 1st period - Shot Misses the Net.
17:52 of 1st period - Wrist shot by Nicklas Backstrom.
17:52 of 1st period - Shot Misses the Net.
17:56 of 1st period - Slapshot by Jordan Eberle.
17:56 of 1st period - Stopped by Michal Neuvirth with a rebound.
18:06 of 1st period - Andrew Cogliano is hit by Nicklas Backstrom and loses puck.
18:24 of 1st period - Snap shot by David Perron.
18:24 of 1st period - Stopped by Michal Neuvirth without a rebound.
18:25 of 1st period - Jean-Gabriel Pageau wins face-off versus Ryan O'Reilly in Penguins zone.
18:52 of 1st period - Kyle Clifford is hit by Roman Josi and loses puck.
18:57 of 1st period - Snap shot by Logan Couture.
18:57 of 1st period - Stopped by Pascal Leclaire with a rebound.
19:18 of 1st period - Wrist shot by Eric Gryba.
19:18 of 1st period - Shot Misses the Net.
19:41 of 1st period - Cal Clutterbuck is hit by Jake Gardiner and loses puck.
19:56 of 1st period - Yann Sauvé is hit by Dennis Wideman and loses puck.
Goals for this period are 0 for Blues vs 0 for Penguins.
Shots for this period are 9 for Blues vs 8 for Penguins.

2nd period


0:01 of 2nd period - Ryan O'Reilly wins face-off versus Nicklas Backstrom in neutral zone.
0:12 of 2nd period - Wrist shot by Ryan O'Reilly.
0:12 of 2nd period - Shot Blocked by Yann Sauvé.
0:52 of 2nd period - Off-side.
0:53 of 2nd period - Nicklas Backstrom wins face-off versus Logan Couture in neutral zone.
1:20 of 2nd period - Roman Josi is hit by Tomas Plekanec and loses puck.
1:45 of 2nd period - Wrist shot by Jake Gardiner.
1:45 of 2nd period - Deflect By Reilly Smith.
1:45 of 2nd period - Shot Blocked by Dustin Brown.
1:45 of 2nd period - Puck is out of play.
1:46 of 2nd period - Ryan O'Reilly wins face-off versus Jean-Gabriel Pageau in Penguins zone.
2:02 of 2nd period - Snap shot by Dustin Brown.
2:02 of 2nd period - Stopped by Pascal Leclaire with a rebound.
2:04 of 2nd period - Wrist shot by Marcus Foligno.
2:04 of 2nd period - Shot Misses the Net.
2:06 of 2nd period - Snap shot by Sean Zimmerman.
2:06 of 2nd period - Shot Misses the Net.
2:10 of 2nd period - Snap shot by Dustin Brown.
2:10 of 2nd period - Stopped by Pascal Leclaire without a rebound.
2:11 of 2nd period - Nicklas Backstrom wins face-off versus Steven Stamkos in Blues zone.
2:19 of 2nd period - Off-side.
2:20 of 2nd period - Steven Stamkos wins face-off versus Nicklas Backstrom in neutral zone.
2:27 of 2nd period - Snap shot by Claude Giroux.
2:27 of 2nd period - Stopped by Pascal Leclaire with a rebound.
2:41 of 2nd period - Wrist shot by Claude Giroux.
2:41 of 2nd period - Stopped by Pascal Leclaire without a rebound.
2:42 of 2nd period - Jean-Gabriel Pageau wins face-off versus Ryan O'Reilly in Blues zone.
2:49 of 2nd period - Snap shot by Ryan O'Reilly.
2:49 of 2nd period - Shot Misses the Net.
3:03 of 2nd period - Danny DeKeiser is hit by Jean-Gabriel Pageau and loses puck.
3:15 of 2nd period - Off-side.
3:16 of 2nd period - Steven Stamkos wins face-off versus Nicklas Backstrom in neutral zone.
4:25 of 2nd period - Slapshot by Steven Stamkos.
4:25 of 2nd period - Stopped by Pascal Leclaire with a rebound.
4:29 of 2nd period - Wrist shot by Steven Stamkos.
4:29 of 2nd period - Stopped by Pascal Leclaire with a rebound.
4:31 of 2nd period - Snap shot by Andrew Cogliano.
4:31 of 2nd period - Shot Blocked by Nicklas Backstrom.
4:54 of 2nd period - Off-side.
4:55 of 2nd period - Ryan O'Reilly wins face-off versus Jean-Gabriel Pageau in neutral zone.
5:03 of 2nd period - Minor Penalty to Eric Gryba for Holding.
5:04 of 2nd period - Logan Couture wins face-off versus Jean-Gabriel Pageau in Penguins zone.
5:12 of 2nd period - Slapshot by Alex Pietrangelo.
5:12 of 2nd period - Shot Blocked by Logan Couture.
5:14 of 2nd period - Slapshot by Alex Pietrangelo.
5:14 of 2nd period - Stopped by Michal Neuvirth without a rebound.
5:15 of 2nd period - Jean-Gabriel Pageau wins face-off versus Logan Couture in Penguins zone.
5:22 of 2nd period - Snap shot by Sergei Shirokov.
5:22 of 2nd period - Stopped by Michal Neuvirth without a rebound.
5:23 of 2nd period - Jean-Gabriel Pageau wins face-off versus Steven Stamkos in Penguins zone.
7:03 of 2nd period - Penalty to Eric Gryba is over, Eric Gryba is back on ice.
7:41 of 2nd period - Snap shot by Kyle Clifford.
7:41 of 2nd period - Shot Misses the Net.
7:43 of 2nd period - Snap shot by Reilly Smith.
7:43 of 2nd period - Shot Misses the Net.
7:45 of 2nd period - Slapshot by Kyle Clifford.
7:45 of 2nd period - Stopped by Michal Neuvirth without a rebound.
7:46 of 2nd period - Ryan O'Reilly wins face-off versus Tomas Plekanec in Penguins zone.
7:46 of 2nd period - Ryan O'Reilly is hit by Reilly Smith.
7:52 of 2nd period - Slapshot by Alex Pietrangelo.
7:52 of 2nd period - Stopped by Michal Neuvirth without a rebound.
7:53 of 2nd period - Ryan O'Reilly wins face-off versus Jean-Gabriel Pageau in Penguins zone.
8:16 of 2nd period - Slapshot by Dustin Brown.
8:16 of 2nd period - Stopped by Pascal Leclaire with a rebound.
8:18 of 2nd period - Snap shot by Ryan O'Reilly.
8:18 of 2nd period - Shot Blocked by Yann Sauvé.
8:20 of 2nd period - Wrist shot by Sean Zimmerman.
8:20 of 2nd period - Stopped by Pascal Leclaire with a rebound.
8:22 of 2nd period - Snap shot by Dustin Brown.
8:22 of 2nd period - Shot Blocked by Filip Forsberg.
8:24 of 2nd period - Wrist shot by Dustin Brown.
8:24 of 2nd period - Shot Misses the Net.
8:26 of 2nd period - Snap shot by Dustin Brown.
8:26 of 2nd period - Deflect By Ryan O'Reilly.
8:26 of 2nd period - Stopped by Pascal Leclaire without a rebound.
8:27 of 2nd period - Nicklas Backstrom wins face-off versus Logan Couture in Blues zone.
8:27 of 2nd period - Nicklas Backstrom is hit by Clarke MacArthur.
8:44 of 2nd period - Minor Penalty to Clarke MacArthur for Tripping.
8:45 of 2nd period - Nicklas Backstrom wins face-off versus Steven Stamkos in Penguins zone.
10:44 of 2nd period - Penalty to Clarke MacArthur is over, Clarke MacArthur is back on ice.
10:56 of 2nd period - Wrist shot by Ales Hemsky.
10:56 of 2nd period - Stopped by Pascal Leclaire with a rebound.
11:12 of 2nd period - Tomas Plekanec is hit by Cal Clutterbuck and loses puck.
11:27 of 2nd period - Simon Gagné is hit by Sean Zimmerman and loses puck.
11:41 of 2nd period - Minor Penalty to Jean-Gabriel Pageau for High sticking.
11:42 of 2nd period - Steven Stamkos wins face-off versus Sergey Kalinin in Blues zone.
11:45 of 2nd period - Snap shot by Steven Stamkos.
11:45 of 2nd period - Stopped by Pascal Leclaire with a rebound.
11:47 of 2nd period - Wrist shot by Andrew Cogliano.
11:47 of 2nd period - Goal by Andrew Cogliano - Blues : 0 - Penguins : 1.
11:48 of 2nd period - Ryan O'Reilly wins face-off versus Nicklas Backstrom in neutral zone.
12:43 of 2nd period - Slapshot by Clarke MacArthur.
12:43 of 2nd period - Shot Misses the Net.
12:47 of 2nd period - Snap shot by Cal Clutterbuck.
12:47 of 2nd period - Shot Misses the Net.
12:49 of 2nd period - Slapshot by Sean Zimmerman.
12:49 of 2nd period - Shot Misses the Net.
12:51 of 2nd period - Snap shot by Logan Couture.
12:51 of 2nd period - Stopped by Pascal Leclaire with a rebound.
13:27 of 2nd period - Slapshot by Jean-Gabriel Pageau.
13:27 of 2nd period - Stopped by Michal Neuvirth without a rebound.
13:28 of 2nd period - Andrew Cogliano wins face-off versus Jean-Gabriel Pageau in Penguins zone.
14:18 of 2nd period - Wrist shot by Joe Colborne.
14:18 of 2nd period - Shot Misses the Net.
14:28 of 2nd period - Wrist shot by Jean-Gabriel Pageau.
14:28 of 2nd period - Shot Blocked by Eric Gryba.
14:30 of 2nd period - Snap shot by Shayne Gostisbehere.
14:30 of 2nd period - Stopped by Michal Neuvirth without a rebound.
14:31 of 2nd period - Steven Stamkos wins face-off versus Nicklas Backstrom in Penguins zone.
14:58 of 2nd period - Keith Aulie is hit by Yann Sauvé and loses puck.
15:36 of 2nd period - Minor Penalty to Logan Couture for Boarding.
15:37 of 2nd period - Steven Stamkos wins face-off versus Nicklas Backstrom in Penguins zone.
15:52 of 2nd period - Wrist shot by Nicklas Backstrom.
15:52 of 2nd period - Stopped by Michal Neuvirth without a rebound.
15:53 of 2nd period - Nicklas Backstrom wins face-off versus Steven Stamkos in Penguins zone.
15:54 of 2nd period - Wrist shot by David Perron.
15:54 of 2nd period - Shot Misses the Net.
15:56 of 2nd period - Snap shot by Alex Pietrangelo.
15:56 of 2nd period - Shot Blocked by Sean Zimmerman.
15:58 of 2nd period - Wrist shot by Jordan Eberle.
15:58 of 2nd period - Deflect By David Perron.
15:58 of 2nd period - Shot Misses the Net.
15:58 of 2nd period - Puck is out of play.
15:59 of 2nd period - Steven Stamkos wins face-off versus Nicklas Backstrom in Penguins zone.
15:59 of 2nd period - Steven Stamkos is hit by Jordan Eberle.
17:36 of 2nd period - Penalty to Logan Couture is over, Logan Couture is back on ice.
17:50 of 2nd period - Off-side.
17:51 of 2nd period - Joe Colborne wins face-off versus Sergey Kalinin in neutral zone.
18:40 of 2nd period - Danny DeKeiser is hit by Tomas Plekanec and loses puck.
19:01 of 2nd period - Steven Stamkos is hit by Shayne Gostisbehere.
19:21 of 2nd period - Wrist shot by David Perron.
19:21 of 2nd period - Shot Blocked by Keith Aulie.
19:35 of 2nd period - Slapshot by Shayne Gostisbehere.
19:35 of 2nd period - Stopped by Michal Neuvirth with a rebound.
Goals for this period are 0 for Blues vs 1 for Penguins.
Shots for this period are 8 for Blues vs 13 for Penguins.

3rd period


0:01 of 3rd period - Nicklas Backstrom wins face-off versus Steven Stamkos in neutral zone.
0:04 of 3rd period - Andrew Cogliano is hit by Jordan Eberle and loses puck.
0:13 of 3rd period - Wrist shot by David Perron.
0:13 of 3rd period - Shot Blocked by Dennis Wideman.
0:15 of 3rd period - Slapshot by Alex Pietrangelo.
0:15 of 3rd period - Stopped by Michal Neuvirth with a rebound.
0:17 of 3rd period - Snap shot by Jordan Eberle.
0:17 of 3rd period - Stopped by Michal Neuvirth with a rebound.
1:29 of 3rd period - Andrew Cogliano is hit by David Perron and loses puck.
1:38 of 3rd period - Slapshot by Jordan Eberle.
1:38 of 3rd period - Shot Misses the Net.
1:40 of 3rd period - Slapshot by Alex Pietrangelo.
1:40 of 3rd period - Stopped by Michal Neuvirth without a rebound.
1:41 of 3rd period - Jean-Gabriel Pageau wins face-off versus Ryan O'Reilly in Penguins zone.
2:54 of 3rd period - Simon Gagné is hit by Joe Colborne and loses puck.
2:59 of 3rd period - Snap shot by Ales Hemsky.
2:59 of 3rd period - Stopped by Pascal Leclaire with a rebound.
3:01 of 3rd period - Slapshot by Ales Hemsky.
3:01 of 3rd period - Goal by Ales Hemsky - Blues : 0 - Penguins : 2.
3:02 of 3rd period - Jordan Eberle wins face-off versus Steven Stamkos in neutral zone.
4:10 of 3rd period - Snap shot by Jake Gardiner.
4:10 of 3rd period - Shot Misses the Net.
5:03 of 3rd period - Wrist shot by Steven Stamkos.
5:03 of 3rd period - Shot Misses the Net.
5:05 of 3rd period - Slapshot by Roman Josi.
5:05 of 3rd period - Deflect By Steven Stamkos.
5:05 of 3rd period - Shot Misses the Net.
5:05 of 3rd period - Puck is out of play.
5:06 of 3rd period - Ryan O'Reilly wins face-off versus Kyle Clifford in Blues zone.
5:11 of 3rd period - Snap shot by Ryan O'Reilly.
5:11 of 3rd period - Stopped by Pascal Leclaire without a rebound.
5:12 of 3rd period - Ryan O'Reilly wins face-off versus Nicklas Backstrom in Blues zone.
5:43 of 3rd period - Snap shot by Filip Forsberg.
5:43 of 3rd period - Deflect By Clarke MacArthur.
5:43 of 3rd period - Shot Misses the Net.
5:43 of 3rd period - Puck is out of play.
5:44 of 3rd period - Steven Stamkos wins face-off versus Jean-Gabriel Pageau in Penguins zone.
5:55 of 3rd period - Wrist shot by Jean-Gabriel Pageau.
5:55 of 3rd period - Stopped by Michal Neuvirth without a rebound.
5:56 of 3rd period - Nicklas Backstrom wins face-off versus Steven Stamkos in Penguins zone.
6:03 of 3rd period - Snap shot by Nicklas Backstrom.
6:03 of 3rd period - Deflect By Jordan Eberle.
6:03 of 3rd period - Stopped by Michal Neuvirth with a rebound.
6:05 of 3rd period - Slapshot by Alex Pietrangelo.
6:05 of 3rd period - Shot Blocked by Keith Aulie.
6:07 of 3rd period - Slapshot by Alex Pietrangelo.
6:07 of 3rd period - Shot Blocked by Keith Aulie.
6:09 of 3rd period - Snap shot by Jordan Eberle.
6:09 of 3rd period - Shot Misses the Net.
6:46 of 3rd period - Icing by Yann Sauvé.
6:47 of 3rd period - Jean-Gabriel Pageau wins face-off versus Logan Couture in Blues zone.
8:04 of 3rd period - Snap shot by Joe Colborne.
8:04 of 3rd period - Stopped by Pascal Leclaire without a rebound.
8:05 of 3rd period - Andrew Cogliano wins face-off versus Sergey Kalinin in Blues zone.
8:16 of 3rd period - Wrist shot by Steven Stamkos.
8:16 of 3rd period - Shot Misses the Net.
8:20 of 3rd period - Snap shot by Steven Stamkos.
8:20 of 3rd period - Stopped by Pascal Leclaire without a rebound.
8:21 of 3rd period - Ryan O'Reilly wins face-off versus Nicklas Backstrom in Blues zone.
8:22 of 3rd period - Snap shot by Dustin Brown.
8:22 of 3rd period - Shot Misses the Net.
8:24 of 3rd period - Snap shot by Ryan O'Reilly.
8:24 of 3rd period - Stopped by Pascal Leclaire without a rebound.
8:25 of 3rd period - Nicklas Backstrom wins face-off versus Ryan O'Reilly in Blues zone.
8:25 of 3rd period - Nicklas Backstrom is hit by Marcus Foligno.
8:41 of 3rd period - Snap shot by Dustin Brown.
8:41 of 3rd period - Stopped by Pascal Leclaire without a rebound.
8:42 of 3rd period - Steven Stamkos wins face-off versus Jean-Gabriel Pageau in Blues zone.
9:14 of 3rd period - Slapshot by Ryan O'Reilly.
9:14 of 3rd period - Shot Blocked by Yann Sauvé.
9:16 of 3rd period - Wrist shot by Marcus Foligno.
9:16 of 3rd period - Shot Misses the Net.
9:18 of 3rd period - Slapshot by Sean Zimmerman.
9:18 of 3rd period - Stopped by Pascal Leclaire with a rebound.
9:27 of 3rd period - Icing by Yann Sauvé.
9:28 of 3rd period - Nicklas Backstrom wins face-off versus Logan Couture in Blues zone.
9:40 of 3rd period - Snap shot by Filip Forsberg.
9:40 of 3rd period - Shot Misses the Net.
9:42 of 3rd period - Slapshot by Reilly Smith.
9:42 of 3rd period - Stopped by Michal Neuvirth without a rebound.
9:43 of 3rd period - Nicklas Backstrom wins face-off versus Steven Stamkos in Penguins zone.
9:44 of 3rd period - Snap shot by David Perron.
9:44 of 3rd period - Shot Misses the Net.
9:48 of 3rd period - Snap shot by David Perron.
9:48 of 3rd period - Stopped by Michal Neuvirth without a rebound.
9:49 of 3rd period - Steven Stamkos wins face-off versus Nicklas Backstrom in Penguins zone.
9:58 of 3rd period - Slapshot by David Perron.
9:58 of 3rd period - Stopped by Michal Neuvirth with a rebound.
10:00 of 3rd period - Slapshot by Cody Ceci.
10:00 of 3rd period - Stopped by Michal Neuvirth with a rebound.
10:02 of 3rd period - Slapshot by Dougie Hamilton.
10:02 of 3rd period - Shot Blocked by Keith Aulie.
10:04 of 3rd period - Slapshot by Dougie Hamilton.
10:04 of 3rd period - Deflect By Jordan Eberle.
10:04 of 3rd period - Shot Blocked by Keith Aulie.
10:04 of 3rd period - Puck is out of play.
10:05 of 3rd period - Jean-Gabriel Pageau wins face-off versus Ryan O'Reilly in Penguins zone.
10:30 of 3rd period - Alex Pietrangelo is hit by Keith Aulie.
10:54 of 3rd period - Logan Couture is hit by Sergei Shirokov and loses puck.
11:19 of 3rd period - Ales Hemsky is hit by Cody Ceci and loses puck.
11:30 of 3rd period - Michael Raffl is hit by Sergey Kalinin and loses puck.
11:35 of 3rd period - Slapshot by Dougie Hamilton.
11:35 of 3rd period - Shot Blocked by Sean Zimmerman.
11:37 of 3rd period - Slapshot by Cody Ceci.
11:37 of 3rd period - Shot Misses the Net.
11:39 of 3rd period - Slapshot by Dougie Hamilton.
11:39 of 3rd period - Deflect By Ales Hemsky.
11:39 of 3rd period - Stopped by Michal Neuvirth with a rebound.
12:40 of 3rd period - Cody Ceci is hit by Joe Colborne and loses puck.
12:47 of 3rd period - Slapshot by Dougie Hamilton.
12:47 of 3rd period - Goal by Dougie Hamilton - Blues : 1 - Penguins : 2.
12:48 of 3rd period - Steven Stamkos wins face-off versus Nicklas Backstrom in neutral zone.
13:15 of 3rd period - Marcus Foligno is hit by Kyle Clifford and loses puck.
13:58 of 3rd period - Snap shot by Steven Stamkos.
13:58 of 3rd period - Shot Misses the Net.
14:12 of 3rd period - Eric Gryba is hit by Sergei Shirokov and loses puck.
14:19 of 3rd period - Wrist shot by Sergei Shirokov.
14:19 of 3rd period - Shot Blocked by Eric Gryba.
14:45 of 3rd period - Dennis Wideman is hit by Jordan Eberle and loses puck.
14:58 of 3rd period - Snap shot by Kyle Clifford.
14:58 of 3rd period - Shot Misses the Net.
15:12 of 3rd period - Jake Gardiner is hit by Claude Giroux and loses puck.
16:01 of 3rd period - Icing by Claude Giroux.
16:02 of 3rd period - Logan Couture wins face-off versus Tomas Plekanec in Penguins zone.
16:02 of 3rd period - Logan Couture is hit by Sergei Shirokov.
16:14 of 3rd period - Slapshot by Dougie Hamilton.
16:14 of 3rd period - Shot Blocked by Dustin Brown.
16:16 of 3rd period - Slapshot by Dougie Hamilton.
16:16 of 3rd period - Goal by Dougie Hamilton - Blues : 2 - Penguins : 2.
16:17 of 3rd period - Tomas Plekanec wins face-off versus Logan Couture in neutral zone.
16:42 of 3rd period - Icing by Sergei Shirokov.
16:43 of 3rd period - Steven Stamkos wins face-off versus Tomas Plekanec in Blues zone.
17:03 of 3rd period - Claude Giroux is hit by Tomas Plekanec and loses puck.
17:08 of 3rd period - Wrist shot by Kyle Clifford.
17:08 of 3rd period - Shot Misses the Net.
17:10 of 3rd period - Slapshot by Alex Pietrangelo.
17:10 of 3rd period - Stopped by Michal Neuvirth without a rebound.
17:11 of 3rd period - Nicklas Backstrom wins face-off versus Logan Couture in Penguins zone.
17:44 of 3rd period - Backhand shot by Ryan O'Reilly.
17:44 of 3rd period - Shot Blocked by Jake Gardiner.
17:46 of 3rd period - Snap shot by Dennis Wideman.
17:46 of 3rd period - Stopped by Pascal Leclaire with a rebound.
17:48 of 3rd period - Wrist shot by Dennis Wideman.
17:48 of 3rd period - Stopped by Pascal Leclaire without a rebound.
17:49 of 3rd period - Tomas Plekanec wins face-off versus Steven Stamkos in Blues zone.
17:49 of 3rd period - Tomas Plekanec is hit by Andrew Cogliano.
18:01 of 3rd period - Slapshot by Sergei Shirokov.
18:01 of 3rd period - Stopped by Michal Neuvirth with a rebound.
18:03 of 3rd period - Snap shot by Sergei Shirokov.
18:03 of 3rd period - Stopped by Michal Neuvirth without a rebound.
18:04 of 3rd period - Logan Couture wins face-off versus Nicklas Backstrom in Penguins zone.
18:13 of 3rd period - Wrist shot by Clarke MacArthur.
18:13 of 3rd period - Stopped by Pascal Leclaire without a rebound.
18:14 of 3rd period - Nicklas Backstrom wins face-off versus Logan Couture in Blues zone.
18:21 of 3rd period - Slapshot by Alex Pietrangelo.
18:21 of 3rd period - Stopped by Michal Neuvirth with a rebound.
18:35 of 3rd period - Slapshot by Alex Pietrangelo.
18:35 of 3rd period - Stopped by Michal Neuvirth with a rebound.
19:07 of 3rd period - Wrist shot by Logan Couture.
19:07 of 3rd period - Shot Misses the Net.
19:09 of 3rd period - Snap shot by Roman Josi.
19:09 of 3rd period - Stopped by Pascal Leclaire without a rebound.
19:10 of 3rd period - Tomas Plekanec wins face-off versus Steven Stamkos in Blues zone.
19:21 of 3rd period - Steven Stamkos is hit by Tomas Plekanec and loses puck.
19:52 of 3rd period - Wrist shot by Jean-Gabriel Pageau.
19:52 of 3rd period - Shot Blocked by Andrew Cogliano.
Goals for this period are 2 for Blues vs 1 for Penguins.
Shots for this period are 17 for Blues vs 12 for Penguins.

Overtime #1


0:01 of 1st overtime period - Steven Stamkos wins face-off versus Nicklas Backstrom in neutral zone.
0:10 of 1st overtime period - Snap shot by Claude Giroux.
0:10 of 1st overtime period - Shot Blocked by Cody Ceci.
0:12 of 1st overtime period - Snap shot by Steven Stamkos.
0:12 of 1st overtime period - Shot Blocked by Alex Pietrangelo.
0:14 of 1st overtime period - Snap shot by Claude Giroux.
0:14 of 1st overtime period - Goal by Claude Giroux - Blues : 2 - Penguins : 3.
Goals for this period are 0 for Blues vs 1 for Penguins.
Shots for this period are 0 for Blues vs 1 for Penguins.